 Dungeon Crawl Stone Soup version 0.30-a0-137-gd8773701ce (webtiles) character file.

Game seed: 2554029824730660436

56603 meatgazer the Impaler (level 14, -2/141 HPs)
             Began as a Minotaur Berserker on Aug 31, 2022.
             Was a High Priest of Trog.
             Slain by a white ugly thing (5 damage)
             ... on level 14 of the Dungeon on Sept 21, 2022.
             The game lasted 00:52:58 (29558 turns).

meatgazer the Impaler (Minotaur Berserker)         Turns: 29558, Time: 00:52:59

Health: -2/141     AC: 26    Str: 29    XL:     14   Next: 42%
Magic:  0/13       EV: 11    Int:  8    God:    Trog [*****.]
Gold:   1028       SH:  0    Dex: 18    Spells: 13/13 levels left

rFire   + + .      SeeInvis .    e - +4 glaive (vorpal)
rCold   . . .      Faith    .    (shield currently unavailable)
rNeg    + . .      Spirit   +    o - +4 chain mail {Will+}
rPois   .          Reflect  .    (helmet restricted)
rElec   .          Harm     .    b - +0 cloak
rCorr   +          Rampage  .    r - +2 pair of gloves of Dogmatism {rCorr Int+3}
Will    +++..                    A - +1 pair of boots
Stlth   ..........               p - amulet of guardian spirit
HPRegen 0.33/turn                H - ring of Spring {rF+ rN+ Will+ Str+6 Dex+3}
MPRegen 0.13/turn                j - ring of protection from fire

@: studying Shields
A: horns 2, retaliatory headbutt, beak, iridescent scales 1, agile 1
a: Renounce Religion, Berserk, Trog's Hand, Brothers in Arms


You were on level 14 of the Dungeon.
You worshipped Trog.
Trog was extremely pleased with you.
You visited 3 branches of the dungeon, and saw 21 of its levels.
You also visited: Ossuary.

You collected 2394 gold pieces.
You spent 1366 gold pieces at shops.

Inventory:

Hand Weapons
 a - a +1 spear of venom
 c - a +0 shortbow
 e - a +4 vorpal glaive (weapon)
 B - a +2 spear of freezing
 K - the +11 shortbow of Burning Defiance {venom, rC+}
   (You bought it in a shop on level 12 of the Dungeon)

   Any ammunition fired from it poisons the flesh of those it strikes.
   rC:        It protects you from cold.
Missiles
 I - a throwing net (quivered)
Armour
 b - a +0 cloak (worn)
 f - the +1 ring mail of Perfidy {rC+++ Will+ Int-3 Stlth-}
   (You bought it in a shop on level 2 of the Orcish Mines)

   Int:       It affects your intelligence (-3).
   rC:        It renders you almost immune to cold.
   Will:      It increases your willpower.
   Stlth:     It makes you less stealthy.
 l - a +0 buckler
 o - a +4 chain mail of willpower (worn)
 r - the +2 pair of gloves of Dogmatism (worn) {rCorr Int+3}
   (You acquired it on level 6 of the Dungeon)

   Int:       It affects your intelligence (+3).
   rCorr:     It protects you from acid and corrosion.
 A - a +1 pair of boots (worn)
Jewellery
 j - a ring of protection from fire (right hand)
 p - an amulet of guardian spirit (around neck)
 H - the ring of Spring (left hand) {rF+ rN+ Will+ Str+6 Dex+3}
   (You bought it in a shop on level 5 of the Dungeon)

   [ring of strength]

   Str:       It affects your strength (+6).
   Dex:       It affects your dexterity (+3).
   rF:        It protects you from fire.
   rN:        It protects you from negative energy.
   Will:      It increases your willpower.
Wands
 u - a wand of paralysis (30)
 x - a wand of light (9)
 z - a wand of polymorph (11)
 G - a wand of roots (4)
 J - a wand of flame (3)
Scrolls
 m - 4 scrolls of fear
 t - 5 scrolls of identify
 y - a scroll of immolation
 D - 3 scrolls of butterflies
 E - a scroll of teleportation
 F - 4 scrolls of silence
Potions
 d - 5 potions of curing
 g - 6 potions of berserk rage
 h - 2 potions of ambrosia
 i - 4 potions of resistance
 k - 2 potions of lignification
 n - 2 potions of magic
 q - 3 potions of flight
 s - a potion of mutation
 v - 2 potions of attraction
 w - 3 potions of invisibility
 C - 2 potions of might
 L - a potion of haste
Miscellaneous
 M - a condenser vane


   Skills:
 + Level 17.9 Fighting
 + Level 17.9 Polearms
 + Level 10.4 Ranged Weapons
 + Level 12.2 Armour
 - Level 3.2 Dodging
 - Level 4.0 Shields
 + Level 2.3 Evocations


You had 13 spell levels left.
You didn't know any spells.
Your spell library was empty.

Dungeon Overview and Level Annotations

Branches:
Dungeon (14/15)            Temple (0/1) D:6            Lair (5/5) D:8
  Swamp (0/4) Lair:2        Snake (0/4) Lair:2        Slime (0/5) Lair:5
    Orc (2/2) D:10            Elf (0/3) Orc:2        Vaults (0/5) D:13
Ossuary (visited)

Altars:
Makhleb
Nemelex Xobeh
Sif Muna
Trog
Jiyva

Shops:
D:2 (   D:5 ==:(   D:12 (   D:13 (   D:14 !   Orc:2 *[(?:

Annotations:
Lair:5 exclusion: 4 oklob plants


Innate Abilities, Weirdness & Mutations

You have a pair of horns on your head.
You reflexively headbutt those who attack you in melee.
You have a beak for a mouth.
You are partially covered in iridescent scales. (AC +2)
You are agile. (Dex +4, Str/Int -1)


Message History

The white ugly thing is severely wounded.
The cyan ugly thing bites you! The cyan ugly thing shocks you!
The cyan ugly thing engulfs you. The cyan ugly thing shocks you!
The white ugly thing barely misses you.
You slash the white ugly thing! Your peck misses the white ugly thing.
The white ugly thing is almost dead.
The cyan ugly thing bites you. The cyan ugly thing shocks you!
The white ugly thing punches you but does no damage.
You are too injured to fight recklessly!
You are too injured to fight recklessly!
You are too injured to fight recklessly!
You are too injured to fight recklessly!
You are too injured to fight recklessly!
You are too injured to fight recklessly!
You are too injured to fight recklessly!
You are too injured to fight recklessly!
You are too injured to fight recklessly!
You are too injured to fight recklessly!
You are too injured to fight recklessly!
You are too injured to fight recklessly!
You are too injured to fight recklessly!
You are too injured to fight recklessly!
You are too injured to fight recklessly!
You see here a potion of curing.
The cyan ugly thing attacks as you move away!
The cyan ugly thing bites you but does no damage.
The white ugly thing basks in the mutagenic energy from its kin and changes!
There is an open door here.
The white ugly thing attacks as you move away!
The white ugly thing headbutts you. The white ugly thing freezes you!!
* * * LOW HITPOINT WARNING * * *
The cyan ugly thing basks in the mutagenic energy from its kin and changes!
Your iron troll goes berserk!
The white ugly thing headbutts you.
* * * LOW HITPOINT WARNING * * *
The white ugly thing freezes you!!
* * * LOW HITPOINT WARNING * * *
The white ugly thing attacks as you move away!
The white ugly thing headbutts you.
You die...

########.# ######
#....# #.# #.. #....#
#.# #.. #....# #.#
#..
############....###.#
#..
#..........'....'...#
#..
#.##########T...#####
#.. #...........#####
#.. ###########@# #..
####u####### #..
#...uu.....### #<.
#...u...u.....
#.............
#..........##...
#..........# ..
#...?.##.... #.##?.
#....#


You could see 4 ugly things and a friendly iron troll (summoned, berserk).

Vanquished Creatures
  Saint Roka (Orc:2)
  A fire dragon (Lair:5)
  Fannar (Lair:1)
  A catoblepas (Lair:5)
  2 hydras
  2 two-headed ogres
  2 centaur warriors (D:13)
  4 boulder beetles
  Urug (D:13)
  An orc high priest (Orc:2)
  A tengu warrior (D:13)
  An orc knight (Orc:2)
  A wizard (D:13)
  A bog body (Lair:2)
  A lindwurm (Lair:5)
  A manticore (D:13)
  2 cyclopes
  6 orc sorcerers
  9 elephants
  3 molten gargoyles (Lair:5)
  2 black mambas (Lair:5)
  A gargoyle (D:11)
  A torpor snail (Lair:2)
  Maggie (D:8)
  8 cane toads
  3 tengu conjurers (D:13)
  An unseen horror (D:7)
  Psyche (D:8)
  A kobold demonologist (D:13)
  A rime drake (Lair:4)
  A yaktaur (shapeshifter) (D:13)
  An efreet (D:13)
  14 komodo dragons
  3 meliai (D:14)
  9 trolls
  2 polar bears
  A hornet (D:10)
  A blink frog (shapeshifter) (D:13)
  5 blink frogs (Lair:5)
  Sigmund (D:3)
  11 dream sheep
  2 vampires (D:10)
  A shadow (D:12)
  2 wraiths (D:10)
  5 wyverns
  A fire elemental (Lair:1)
  24 yaks
  7 basilisks
  10 vampire mosquitoes
  4 steam dragons
  12 water moccasins
  An acid dragon (D:13)
  5 hell hounds (Lair:5)
  5 ice beasts
  30 orc warriors
  6 black bears
  A sky beast (D:7)
  6 ogres
  7 wolves
  5 centaurs
  4 phantoms
  15 bullfrogs
  2 necrophages
  A scorpion (D:5)
  5 wights (D:9)
  17 killer bees
  3 howler monkeys (D:9)
  An electric eel (Lair:1)
  2 jellies (D:5)
  7 lava snakes
  2 hounds
  24 orc priests
  Terence (D:2)
  A gnoll bouda (D:9)
  7 iguanas
  29 orc wizards
  8 mummies (Ossuary)
  Robin (D:2)
  12 gnolls
  7 adders
  A shadow imp (D:7)
  3 white imps
  3 ufetubi
  2 worms
  A dart slug (D:5)
  94 orcs
  2 endoplasms
  A gnoll zombie (Ossuary)
  11 goblins (D:2)
  12 hobgoblins
  4 kobolds
  6 quokkas
  9 ball pythons
  5 bats
  A frilled lizard (D:1)
  2 hobgoblin zombies (Ossuary)
  3 kobold zombies (Ossuary)
  2 orc zombies (Ossuary)
  3 rats
559 creatures vanquished.

Vanquished Creatures (others)
  A steam dragon (D:7)
  A bullfrog (D:7)
  2 electric eels (Lair:1)
  13 fungi
  19 plants
36 creatures vanquished.

Grand Total: 595 creatures vanquished

Notes
Turn   | Place    | Note
-------+----------+-------------------------------------------
     0 | D:1      | meatgazer the Minotaur Berserker began the quest for the
                  | Orb.
     0 | D:1      | Reached XP level 1. HP: 19/19 MP: 0/0
   276 | D:1      | Reached XP level 2. HP: 20/27 MP: 1/1
   748 | D:1      | Found a faded altar of an unknown god.
  1295 | D:2      | Noticed Terence
  1300 | D:2      | Killed Terence
  1301 | D:2      | Reached XP level 3. HP: 33/33 MP: 2/2
  1384 | D:2      | Reached XP level 4. HP: 27/41 MP: 3/3
  1646 | D:2      | Found Orchof's Weapon Shop.
  1728 | D:2      | Gained mutation: You are frail. (-10% HP) [potion of
                  | mutation]
  1728 | D:2      | Gained mutation: You expend magic power (3 MP) to
                  | strengthen your wands. [potion of mutation]
  1728 | D:2      | Gained mutation: You have sharp toenails. [potion of
                  | mutation]
  1729 | D:2      | Lost mutation: You have sharp toenails. [potion of
                  | mutation]
  1729 | D:2      | Lost mutation: You expend magic power (3 MP) to strengthen
                  | your wands. [potion of mutation]
  1729 | D:2      | Gained mutation: You are very frail. (-20% HP) [potion of
                  | mutation]
  1781 | D:2      | Found a shimmering blue altar of Sif Muna.
  1835 | D:2      | Reached ** piety under Trog
  1841 | D:2      | Noticed Robin
  1856 | D:2      | Killed Robin
  1860 | D:2      | Upgraded the game from 0.30-a0-43-gbbf338a72c to
                  | 0.30-a0-118-ga018f8e90f
  2351 | D:2      | Lost mutation: You are very frail. (-20% HP) [potion of
                  | mutation]
  2351 | D:2      | Lost mutation: You are frail. (-10% HP) [potion of
                  | mutation]
  2351 | D:2      | Gained mutation: You are somewhat resistant to further
                  | mutation. [potion of mutation]
  2587 | D:3      | Reached XP level 5. HP: 47/47 MP: 4/4
  2867 | D:3      | Reached skill level 5 in Fighting
  2867 | D:3      | Reached skill level 5 in Polearms
  2935 | D:3      | Noticed Sigmund
  2944 | D:3      | Killed Sigmund
  2945 | D:3      | Reached XP level 6. HP: 57/57 MP: 5/5
  3258 | D:4      | Found a sand-covered staircase.
  3275 | Ossuary  | Entered an ossuary
  3941 | D:4      | Reached XP level 7. HP: 65/66 MP: 6/6
  4786 | D:4      | Reached XP level 8. HP: 73/75 MP: 7/7
  5005 | D:5      | Entered Level 5 of the Dungeon
  5005 | D:5      | Found Ogaxet's Antique Weapon Shop.
  5022 | D:5      | Reached *** piety under Trog
  5109 | D:5      | Noticed a troll
  5116 | D:5      | Killed a troll
  5117 | D:5      | Reached skill level 1 in Ranged Weapons
  5487 | D:5      | Found Dunis's Book Emporium.
  5549 | D:5      | Reached XP level 9. HP: 85/85 MP: 8/8
  5563 | D:5      | Reached skill level 10 in Polearms
  5585 | D:5      | Reached skill level 10 in Fighting
  5819 | D:5      | Reached skill level 5 in Armour
  5845 | D:5      | Found Syfu's Jewellery Shoppe.
  6169 | D:5      | Found Volanunt's Jewellery Shoppe.
  6726 | D:6      | Identified a scroll of acquirement
  6726 | D:6      | Acquired the +2 pair of gloves of Dogmatism {rCorr Int+3}
  6768 | D:6      | Found a staircase to the Ecumenical Temple.
  7051 | D:6      | Reached **** piety under Trog
  8011 | D:7      | Killed an unseen horror
  8529 | D:7      | Reached XP level 10. HP: 96/96 MP: 9/9
  9345 | D:8      | Noticed Maggie
  9360 | D:8      | Killed Maggie
  9620 | D:8      | Noticed Psyche
  9626 | D:8      | Killed Psyche
  9719 | D:8      | Found a staircase to the Lair.
 10123 | Lair:1   | Entered Level 1 of the Lair of Beasts
 10131 | Lair:1   | Reached skill level 5 in Ranged Weapons
 10689 | Lair:1   | Noticed a cane toad
 10695 | Lair:1   | Killed a cane toad
 10940 | Lair:1   | Noticed an elephant
 10940 | Lair:1   | Noticed an elephant
 10941 | Lair:1   | Noticed an elephant
 10943 | Lair:1   | Noticed an elephant
 10943 | Lair:1   | Noticed an elephant
 10952 | Lair:1   | Killed an elephant
 10959 | Lair:1   | Killed an elephant
 10967 | Lair:1   | Killed an elephant
 10983 | Lair:1   | Killed an elephant
 10992 | Lair:1   | Killed an elephant
 10993 | Lair:1   | Reached XP level 11. HP: 82/106 MP: 10/10
 11262 | D:5      | Bought the ring of Spring {rF+ rN+ Will+ Str+6 Dex+3} for
                  | 859 gold pieces
 11387 | D:8      | Lost mutation: You are somewhat resistant to further
                  | mutation. [potion of mutation]
 11387 | D:8      | Gained mutation: Your flesh is heat resistant. (rF+)
                  | [potion of mutation]
 11387 | D:8      | Gained mutation: You are weak. (Str -2) [potion of
                  | mutation]
 11388 | D:8      | Lost mutation: Your flesh is heat resistant. (rF+) [potion
                  | of mutation]
 11388 | D:8      | Lost mutation: You are weak. (Str -2) [potion of mutation]
 11388 | D:8      | Gained mutation: You are partially covered in iridescent
                  | scales. (AC +2) [potion of mutation]
 11388 | D:8      | Gained mutation: You have a beak for a mouth. [potion of
                  | mutation]
 11388 | D:8      | Gained mutation: You are agile. (Dex +4, Str/Int -1)
                  | [potion of mutation]
 11466 | Lair:1   | Noticed Fannar
 11485 | Lair:1   | Killed Fannar
 12261 | Lair:2   | You fall into a shaft and drop 2 floors!
 12689 | Lair:2   | Found a staircase to the Snake Pit.
 13299 | Lair:2   | Found a staircase to the Swamp.
 13299 | Lair:2   | Noticed a bog body
 13325 | Lair:2   | Killed a bog body
 13362 | Lair:2   | Identified the +1 hand axe "Lurphiar" {vorpal, Int+2}
 14080 | Lair:3   | Upgraded the game from 0.30-a0-118-ga018f8e90f to
                  | 0.30-a0-121-gb27577e5d9
 14215 | Lair:3   | Noticed a five-headed hydra
 14223 | Lair:3   | Killed a five-headed hydra
 14224 | Lair:3   | Reached XP level 12. HP: 118/118 MP: 11/11
 15122 | Lair:4   | Noticed an eight-headed hydra
 15130 | Lair:4   | Killed an eight-headed hydra
 15944 | Lair:4   | Noticed a boulder beetle
 15964 | Lair:4   | Killed a boulder beetle
 15965 | Lair:4   | Reached skill level 15 in Fighting
 15965 | Lair:4   | Reached skill level 15 in Polearms
 16376 | Lair:5   | Entered Level 5 of the Lair of Beasts
 16758 | Lair:5   | Reached skill level 10 in Armour
 16999 | Lair:4   | Upgraded the game from 0.30-a0-121-gb27577e5d9 to
                  | 0.30-a0-134-gb40fab5c76
 17376 | Lair:5   | Noticed a catoblepas
 17390 | Lair:5   | Killed a catoblepas
 17597 | Lair:5   | Found a staircase to the Slime Pits.
 17675 | Lair:5   | Found a viscous altar of Jiyva.
 18775 | Lair:5   | Reached XP level 13. HP: 128/128 MP: 12/12
 19082 | Lair:5   | Noticed a fire dragon
 19245 | Lair:5   | Found a large runed translucent door.
 19246 | Lair:5   | Found a large runed translucent door.
 19267 | Lair:5   | Killed a fire dragon
 19992 | D:9      | You fall into a shaft and drop 1 floor!
 19992 | D:10     | Entered Level 10 of the Dungeon
 20009 | D:10     | Found a burning altar of Makhleb.
 20117 | D:9      | Reached ***** piety under Trog
 20187 | D:9      | Reached skill level 1 in Shields
 21131 | D:10     | Found a staircase to the Orcish Mines.
 21609 | Orc:1    | Entered Level 1 of the Orcish Mines
 21713 | Orc:1    | Found a bloodstained altar of Trog.
 21842 | Orc:2    | Entered Level 2 of the Orcish Mines
 21842 | Orc:2    | Found a staircase to the Elven Halls.
 22258 | Orc:2    | Received a gift from Trog
 22894 | Orc:2    | Found Kimaj's Book Shoppe.
 23644 | Orc:2    | Noticed Saint Roka
 23656 | Orc:2    | Found Xoiptauw's Antique Weapon Shoppe.
 23680 | Orc:2    | Killed Saint Roka
 23686 | Orc:2    | Found Kusy's Antique Armour Emporium.
 24062 | Orc:2    | Bought an encrusted ring mail for 243 gold pieces
 24062 | Orc:2    | Identified the +1 ring mail of Perfidy {rC+++ Will+ Int-3
                  | Stlth-} (You bought it in a shop on level 2 of the Orcish
                  | Mines)
 24429 | Orc:2    | Reached skill level 10 in Ranged Weapons
 24882 | Orc:2    | Found Weillenu's General Store.
 24993 | Orc:2    | Found Aqodey's Magic Scroll Boutique.
 25219 | Orc:2    | Received a gift from Trog
 26086 | D:11     | Reached XP level 14. HP: 129/140 MP: 11/13
 26128 | D:11     | Upgraded the game from 0.30-a0-134-gb40fab5c76 to
                  | 0.30-a0-137-gd8773701ce
 27365 | D:12     | Found Arhaet's Antique Weapon Emporium.
 27380 | D:12     | Bought a translucent shortbow for 264 gold pieces
 27380 | D:12     | Identified the +11 shortbow of Burning Defiance {venom,
                  | rC+} (You bought it in a shop on level 12 of the Dungeon)
 28048 | D:13     | Found a sparkling altar of Nemelex Xobeh.
 28053 | D:13     | Noticed Urug
 28065 | D:13     | Killed Urug
 28074 | D:13     | Reached skill level 1 in Evocations
 28536 | D:13     | Found Ahait's Weapon Shoppe.
 29118 | D:13     | Found a gate to the Vaults.
 29508 | D:14     | Acquired a manual of Shields
 29543 | D:14     | Found Fuhoken's Distillery.
 29557 | D:14     | HP: 3/141 [white ugly thing (30)]
 29558 | D:14     | Slain by a white ugly thing

Illustrated notes

Levels and vault maps discovered:
D:1:      dpeg_arrival_round_c, layout_loops_ring,
          shapermc_ecumenical_altar_ellora
D:2:      layout_basic, serial_shops, shop, basic_altar, nicolae_grassy_gnolls,
          uniq_terence, uniq_robin
D:3:      layout_rooms, kennysheep_orc_chapel, uniq_sigmund
D:4:      layout_gridville, enter_ossuary_1
D:5:      layout_loops_cross, serial_bayou, serial_bayou_pond_b,
          serial_bayou_crossing, serial_bayou_pond_e, serial_bayou_lagoon_b,
          serial_shops, nicolae_stop_n_shop_2, shop, nicolae_lakefront_shop,
          nicolae_shop_behind_doors, minmay_fractal_squares_diagonal_5
D:6:      layout_cave_pods, minmay_temple_entry_gardened_gates
D:7:      layout_basic, dreamdust_princess_bridge,
          corexii_item_surrounded_by_moat, minivault_5
D:8:      hellmonk_crumbling_castle, layout_rooms, uniq_psyche, uniq_maggie
D:9:      layout_loops_cross
D:10:     layout_small_grid, overflow_temple_1_default,
          minmay_orc_entry_temple_small
D:11:     layout_rooms
D:12:     layout_basic, serial_shops, nicolae_shop_waterfront
D:13:     layout_big_octagon, david_vaults_1, serial_shops,
          nicolae_shop_bloodbath_and_beyond, nemelex_xobeh_ov_fountains_minmay,
          uniq_urug
D:14:     layout_basic, serial_shops, nicolae_square_shop, uniq_jorgrun
Lair:1:   layout_long_grid, nicolae_lair_liquid_snakes, uniq_fannar
Lair:2:   layout_cave_pods, skrybe_swamp_entry_bodies,
          guppyfry_snake_entry_island, beast_lair_carwin_4
Lair:3:   layout_gridlike, st_stairs_6, grunt_megastairs_5
Lair:4:   layout_roguey, nzn_sisyphean_effort
Lair:5:   cheibrodos_lair_end_hotspot, layout_big_grid,
          minmay_slime_entry_oklob_open
Orc:1:    layout_diamond_mine, basic_altar, uniq_maurice
Orc:2:    grunt_orc_community_town_hall, layout_caves,
          grunt_orc_community_big_house_2, grunt_orc_community_big_house_1,
          grunt_orc_community_house_3, grunt_orc_community_house_2,
          grunt_orc_community_house_3, grunt_orc_community_house_3,
          grunt_orc_community_house_1, serial_shops,
          nicolae_shop_advertising_works [nicolae_subvault_shop_adworks],
          uniq_saint_roka

Skill      XL: |  1  2  3  4  5  6  7  8  9 10 11 12 13 14 |
---------------+-------------------------------------------+-----
Fighting       | 4 6 7 8 9 11 12 14 16 17 | 17.9
Polearms       | 4 6 7 8 9 11 12 14 16 17 | 17.9
Armour         | 3 4 6 7 9 10 11 12 | 12.2
Dodging        | 3 |  3.2
Ranged Weapons | 2 4 6 7 9 10 | 10.4
Shields        | 4 |  4.0
Evocations     | 2 |  2.3

Action                   |  1- 3 |  4- 6 |  7- 9 | 10-12 | 13-15 || total
-------------------------+-------+-------+-------+-------+-------++-------
Melee: Spear             |    59 |   183 |   339 |   635 |   902 ||  2118
       Headbutt          |     9 |    27 |    69 |   157 |   211 ||   473
       Punch             |       |     3 |     3 |    13 |    10 ||    29
       Peck              |       |       |       |   113 |   196 ||   309
       Glaive            |       |       |       |       |    66 ||    66
 Fire: Shortbow          |       |       |       |       |    28 ||    28
Invok: Berserk           |     2 |     3 |     4 |    14 |     7 ||    30
       Trog's Hand       |       |       |       |       |     1 ||     1
       Brothers in Arms  |       |       |       |       |     1 ||     1
Evoke: Wand              |       |       |       |     1 |     2 ||     3
  Use: Scroll            |     3 |     6 |    12 |    10 |     8 ||    39
       Potion            |       |     3 |     3 |     5 |     5 ||    16
Armor: Animal skin       |     9 |       |       |       |       ||     9
       Scale mail        |     2 |    43 |   145 |   157 |    18 ||   365
       Fire dragon scale |       |       |       |       |   109 ||   109
       Chain mail        |       |       |       |       |   174 ||   174
Dodge: Dodged            |    23 |    38 |   121 |   181 |   268 ||   631
Block: Buckler           |       |       |       |       |    19 ||    19

Table legend: (Time is in decaauts)
 A = Elapsed time spent in this place.
 B = Non-inter-level travel time spent in this place.
 C = Inter-level travel time spent in this place.
 D = Time resting spent in this place.
 E = Time spent auto-exploring this place.
 F = Levels seen in this place.
 G = Mean time per level.
                   A        B        C        D        E       F      G
               +--------+--------+--------+--------+--------+-----+--------+
         Total |  28911 |  27352 |   1559 |  10257 |  13901 |  22 | 1314.1 |
       Dungeon |  15312 |  14431 |    881 |   4222 |   8529 |  14 | 1093.7 |
          Lair |   9177 |   8605 |    572 |   3715 |   3978 |   5 | 1835.4 |
  Orcish Mines |   3800 |   3695 |    105 |   1954 |   1217 |   2 | 1900.0 |
       Ossuary |    620 |    620 |      0 |    364 |    176 |   1 |  620.0 |
               +--------+--------+--------+--------+--------+-----+--------+

Top non-repeatable levels by time:
   Orc:2: 2650 daAuts
  Lair:4: 2214 daAuts
  Lair:5: 2136 daAuts
  Lair:1: 1966 daAuts
     D:5: 1840 daAuts
     D:7: 1533 daAuts
  Lair:2: 1512 daAuts
    D:11: 1498 daAuts
    D:12: 1493 daAuts
  Lair:3: 1348 daAuts
     D:2: 1281 daAuts
     D:6: 1281 daAuts
     D:1: 1252 daAuts
     D:4: 1162 daAuts
   Orc:1: 1150 daAuts
